Map: Defender's Landing LE

Players

uThermal

  • Race: Terran Terran
  • Spawn Location: 7:00

Kelazhur - Winner!

  • Race: Terran Terran
  • Spawn Location: 1:00

Event: WCS Jonkoping 2017

VOD

Have the link to the VOD?

Description

Time

  • Played on: June 17, 2017, 2:57 p.m.
  • Length: 9:02

All games in this series

Show
View Real Time Build Order
Export as new Build Order

uThermal Terran 

Build Orders: 1/1/1, Cyclone Opening 

Get SALT Encoding   

  12  0:01  SCV  
  13  0:13  SCV  
  14  0:17  Supply Depot  
  14  0:25  SCV  
  14  0:27  Refinery  
  15  0:39  SCV  
  16  0:44  Barracks  
  16  0:51  SCV  
  16  0:55  Refinery  
  17  1:03  SCV  
  18  1:15  SCV  
  19  1:31  Orbital Command, Reaper  
  20  1:36  Factory  
  20  1:48  Supply Depot  
  20  1:56  SCV  
  21  2:03  Reaper  
  22  2:08  SCV  
  23  2:20  Hellion, SCV  
  26  2:23  Starport  
  26  2:29  Supply Depot  
  26  2:33  SCV  
  26  2:35  Barracks Tech Lab  
  27  2:44  Cyclone  
  30  2:49  SCV  
  31  3:04  SCV  
  32  3:09  Raven  
  31  3:16  SCV  
  31  3:19  Cyclone  
  34  3:28  SCV  
  35  3:37  Barracks Reactor, Command Center  
  35  3:40  SCV  
  36  3:47  Supply Depot  
  36  3:52  SCV  
  37  4:00  Cyclone  
  39  4:08  SCV  
  40  4:15  Marine, Viking  
  40  4:16  Marine  
  44  4:20  SCV, Supply Depot  
  45  4:33  SCV, Marine x2  
  44  4:45  SCV  
  47  4:57  SCV  
  45  5:07  Factory Tech Lab  
  45  5:08  Barracks  
  45  5:09  SCV, Barracks  
  45  5:13  Starport Reactor  
  46  5:15  Orbital Command  
  46  5:21  SCV  
  47  5:23  Marine  
  45  5:33  SCV  
  45  5:34  Siege Tank  
  49  5:41  SCV  
  49  5:42  Marine  
  50  5:44  Stimpack  
  50  5:45  SCV  
  51  5:53  SCV  
  51  5:56  Engineering Bay  
  52  6:00  Starport Reactor  
  52  6:02  Marine  
  52  6:03  SCV  
  54  6:08  SCV  
  51  6:20  SCV x2  
  51  6:25  Marine  
  54  6:27  Marine  
  54  6:30  Marine  
  54  6:32  SCV  
  57  6:35  Terran Infantry Weapons Level 1  
  57  6:37  Marine  
  57  6:38  Marine  
  59  6:44  Medivac  
  62  6:47  Medivac  
  62  6:50  Marine  
  62  6:52  Marine, Supply Depot  
  62  6:53  Marine  
  66  6:57  Siege Tank  
  66  7:00  Marine  
  70  7:01  Refinery  
  70  7:04  Marine  
  70  7:09  Barracks  
  70  7:13  Marine x2  
  70  7:14  Barracks  
  72  7:15  Marine  
  72  7:18  Marine  
  72  7:21  Medivac  
  76  7:24  Medivac  
  76  7:27  Supply Depot  
  78  7:35  Supply Depot  
  78  7:44  Supply Depot  
  78  7:48  Marine x4  
  78  7:50  Marine  
  83  7:53  Supply Depot  
  83  7:55  Siege Tank  
  83  7:57  Marine  
  84  8:06  Marine x2  
  84  8:08  Marine  
  87  8:14  Marine  
  87  8:19  Marine  
  87  8:25  Marine  
  81  8:30  Siege Tank  
  81  8:33  Marine  
  79  8:35  Marine x2  
  79  8:38  Marine  
  82  8:43  Marine  
Show
View Real Time Build Order
Export as new Build Order

Kelazhur Terran - Winner!

Build Orders: 1/1/1, Cyclone Opening, MMM Bio 

Get SALT Encoding   

  12  0:00  SCV  
  13  0:13  SCV  
  14  0:17  Supply Depot  
  14  0:25  SCV  
  15  0:28  Refinery  
  15  0:38  SCV  
  16  0:44  Barracks  
  16  0:50  SCV  
  16  0:54  Refinery  
  17  1:03  SCV  
  18  1:15  SCV  
  19  1:30  Orbital Command  
  19  1:32  Factory  
  19  1:35  Reaper  
  20  1:45  Supply Depot  
  20  1:56  SCV  
  21  2:07  Reaper  
  21  2:08  SCV  
  23  2:16  Cyclone  
  23  2:19  Starport  
  26  2:23  SCV  
  26  2:29  Supply Depot  
  27  2:35  SCV  
  28  2:43  Barracks Tech Lab  
  28  2:47  SCV  
  28  2:50  Cyclone  
  32  3:15  Banshee  
  32  3:16  Barracks Reactor  
  32  3:17  SCV  
  36  3:20  Supply Depot  
  36  3:33  Command Center  
  36  3:37  SCV  
  37  3:46  Cyclone  
  39  4:05  Raven  
  39  4:06  Marine x2  
  39  4:09  SCV  
  44  4:10  Supply Depot  
  44  4:19  Factory Tech Lab  
  43  4:24  Marine x2  
  43  4:27  SCV  
  43  4:42  Marine x2  
  43  4:45  Siege Tank  
  48  4:46  Orbital Command  
  48  4:47  SCV  
  49  4:58  Barracks  
  49  5:02  SCV, Barracks  
  50  5:07  Starport Reactor  
  50  5:11  Marine  
  50  5:12  Stimpack  
  50  5:13  SCV  
  52  5:14  SCV  
  49  5:25  SCV  
  47  5:29  Siege Tank, Marine  
  47  5:30  SCV  
  52  5:37  SCV  
  52  5:42  SCV  
  54  5:44  Refinery  
  54  5:45  Refinery  
  54  5:46  Engineering Bay  
  54  5:47  Engineering Bay  
  54  5:49  SCV  
  55  5:50  Marine x3  
  55  5:53  Marine x2  
  55  5:54  SCV  
  61  6:01  SCV  
  61  6:03  Siege Tank  
  61  6:04  Starport Reactor  
  65  6:06  SCV  
  65  6:07  Marine x2  
  63  6:13  SCV  
  63  6:15  Marine x3  
  58  6:18  SCV  
  58  6:22  Terran Infantry Weapons Level 1  
  58  6:24  Terran Infantry Armor Level 1  
  59  6:25  Marine, SCV  
  59  6:29  Marine, Supply Depot  
  62  6:32  Marine  
  62  6:34  SCV  
  62  6:35  Marine  
  62  6:37  SCV  
  66  6:40  Siege Tank  
  66  6:41  Marine  
  70  6:47  Supply Depot  
  69  6:55  Medivac, Supply Depot  
  69  6:56  Medivac  
  69  6:57  Marine x3  
  69  6:58  Marine  
  77  7:04  SCV  
  78  7:08  Marine, SCV  
  78  7:12  Combat Shields, Supply Depot  
  79  7:16  Siege Tank  
  79  7:17  Marine x3  
  85  7:23  Marine  
  85  7:25  Supply Depot  
  85  7:29  Marine  
  87  7:35  Marine x3, Medivac x2  
  94  7:41  Marine  
  94  7:48  Siege Tank  
  94  7:51  Barracks  
  97  7:52  Barracks  
  97  8:01  Marine  
  97  8:02  Marine  
  97  8:05  Marine x2  
  100  8:11  Marine, Viking x2  
  101  8:20  Siege Tank  
  98  8:28  Marine  
  98  8:30  Marine  
  98  8:32  Marine  
  101  8:37  Marine x2, Refinery  
  103  8:45  SCV x2  
Tags
 
Add a new tag
Caveats
  • Supply blocks, unpowered buildings, or Contaminate may cause inaccurate times.
  • Supply counts are checked every 10 seconds.